 Dungeon Crawl Stone Soup version 0.30-a0-149-g7f746667c4 (webtiles) character file.

Game seed: 7053051393170852930

214 SkeletonJelly the Chopper (level 5, -5/45 HPs)
             Began as a Minotaur Fighter on Sept 27, 2022.
             Succumbed to an orc wizard's poison
             ... on level 3 of the Dungeon.
             The game lasted 00:05:13 (2452 turns).

SkeletonJelly the Chopper (Minotaur Fighter)        Turns: 2452, Time: 00:05:14

Health: -5/45      AC:  8    Str: 23    XL:     5   Next: 59%
Magic:  4/4        EV:  6    Int:  5    God:
Gold:   171        SH: 12    Dex:  9    Spells: 4/4 levels left

rFire   . . .      SeeInvis .    a - +0 war axe
rCold   . . .      Faith    .    m - +0 tower shield
rNeg    . . .      Spirit   .    b - +0 scale mail
rPois   .          Reflect  .    (helmet restricted)
rElec   .          Harm     .    (no cloak)
rCorr   .          Rampage  .    q - +0 pair of gloves
Will    .....                    (no boots)
Stlth   ..........               (no amulet)
HPRegen 0.15/turn                (no ring)
MPRegen 0.09/turn                (no ring)

@: lethally poisoned (-5 -> -23)
A: horns 2, retaliatory headbutt
a: no special abilities


You were on level 3 of the Dungeon.
You visited 1 branch of the dungeon, and saw 4 of its levels.

You collected 171 gold pieces.

Inventory:

Hand Weapons
 a - a +0 war axe (weapon)
Missiles
 z - 6 poisoned darts (quivered)
Armour
 b - a +0 scale mail (worn)
 c - a +0 buckler
 m - a +0 tower shield (worn)
 q - a +0 pair of gloves (worn)
Wands
 p - a wand of flame (21)
Scrolls
 f - a scroll of silence {unknown}
 g - a scroll of enchant armour {unknown}
 h - a scroll of torment {unknown}
 i - 6 scrolls of identify {unknown}
 o - 2 scrolls of teleportation {unknown}
 s - a scroll of immolation {unknown}
 t - a scroll of magic mapping {unknown}
 u - a scroll of poison {unknown}
 w - 2 scrolls of vulnerability {unknown}
 y - a scroll of blinking {unknown}
Potions
 d - a potion of might
 e - a potion of mutation {unknown}
 j - a potion of attraction {unknown}
 k - 3 potions of cancellation {unknown}
 l - a potion of heal wounds {unknown}
 n - a potion of flight {unknown}
 r - a potion of magic {unknown}
 v - a potion of degeneration {unknown}
 x - a potion of brilliance {unknown}


   Skills:
 - Level 3.6 Fighting
 * Level 6.3 Axes
 - Level 3.6 Armour
 + Level 4.9 Shields


You had 4 spell levels left.
You didn't know any spells.
Your spell library contained the following spells:

 Spells                   Type           Power      Damage    Failure   Level
 Beastly Appendage        Tmut           0%         N/A       100%        1
 Wereblood                Tmut           0%         N/A       100%        2
 Spider Form              Tmut/Pois      0%         N/A       100%        3


Dungeon Overview and Level Annotations

Branches:
Dungeon (4/15)
 Temple: D:4-7

Altars:
Gozag

Shops:
D:3 **


Innate Abilities, Weirdness & Mutations

You have a pair of horns on your head.
You reflexively headbutt those who attack you in melee.


Message History

There is a stone staircase leading up here.
Found a leather armour.
A ball python comes into view.
The ball python hisses angrily.
You block the ogre's attack.
You slash the ogre!
The ogre is heavily wounded.
You block the ogre's attack.
You slash the ogre!
You kill the ogre!
An orc comes into view. It is wielding a +0 short sword.
Your Axes skill increases to level 6!
You have reached level 5!
Health restored: 45; MP restored: 4 The ball python bites you but does no damage.
The ball python barely misses you.
An orc wizard comes into view. It is wielding a +0 dagger of venom.
You barely miss the ball python.
The ball python bites you but does no damage.
The ball python grabs you. The ball python constricts you.
You block the ball python's attack. The ball python constricts you.
You hit the ball python.
You kill the ball python!
You hit the orc. The orc hits you with a +0 short sword.
You take 5 damage, and have 40/45 hp.
You closely miss the orc.
The orc is moderately wounded.
The orc hits you with a +0 short sword.
You take 3 damage, and have 37/45 hp.
You hit the orc.
The orc is heavily wounded.
The orc hits you with a +0 short sword.
An orc comes into view. It is wielding a +3 falchion.
An orc comes into view. It is wielding a +0 short sword.
You block the orc's attack.
You take 3 damage, and have 34/45 hp.
You closely miss the orc.
The orc shouts!
Your headbutt misses the orc.
The orc is heavily wounded.
You closely miss the orc wizard. The orc hits you but does no damage.
The orc wizard casts a spell at you. The puff of flame hits you!
You block the orc's attack.
The orc wizard hits you but does no damage.
You are poisoned.
You take 12 damage, and have 22/45 hp.
MASSIVE DAMAGE!!
You are too injured to fight recklessly!
You are too injured to fight recklessly!
You are too injured to fight recklessly!
You are too injured to fight recklessly!
You are too injured to fight recklessly!
You are too injured to fight recklessly!
You are too injured to fight recklessly!
You feel sick. You block the orc's attack.
The orc wizard gestures at you while chanting.
You resist with some effort.
You take 2 damage, and have 20/45 hp.
The orc wizard attacks as you move away!
The orc wizard hits you but does no damage.
You feel sick.
You take 1 damage, and have 19/45 hp.
You feel sick. You block the orc's attack.
There is a stone staircase leading up here.
You take 1 damage, and have 18/45 hp.
You feel sick.
The orc wizard gestures wildly while chanting.
The orc wizard flickers and vanishes!
Deactivating autopickup; reactivate with Ctrl-A.
You climb upwards.
Reactivating autopickup.
You feel sick.
There is a stone staircase leading down here.
You take 1 damage, and have 17/45 hp.
You slash the orc!
You kill the orc!
You barely miss something.
You feel sick.
You are no longer poisoned.
Something hits you but does no damage.
You are poisoned.
Deactivating autopickup; reactivate with Ctrl-A.
You take 1 damage, and have 16/45 hp.
You feel very sick.
Things that are here:
a +0 short sword; an orc corpse You take 3 damage, and have 13/45 hp.
You feel sick.
You take 2 damage, and have 11/45 hp.
You barely miss something.
You feel sick. Something hits you.
* * * LOW HITPOINT WARNING * * *
You are lethally poisoned!
Something hits you but does no damage.
You are more poisoned.
You take 2 damage, and have 9/45 hp.
You closely miss something.
* * * LOW HITPOINT WARNING * * *
You feel extremely sick. You block something's attack.
You take 8 damage, and have 1/45 hp.
You hit something.
You die...

......#####..........#.##
#..##
####.....##..........#.#
##..#
#.###.##............#
##.### ##.#
#.#######.###.### #...#
#..# #...## ##.##..#
###.# #.## ###..#
#..##.## ####.# #.#
##.###.###.# #..... ###.#
#.....##..# #..... )...##
####..@..#########.....
.....# #.<.)###
#.....(..... ++''.#
#.#.># #...........
++''.#
##.#..#####....)......
+_'+.#
#......#......###..##.
'''+.#
##.#.##.#....###...###.
'+'+##
#....##.#.####...####..
....# #..####...##...###
##.# ##.## #..#
#...#..### #..#


There were no monsters in sight!

Vanquished Creatures
  An ogre (D:4)
  Natasha (thrice) (D:2)
  An adder (D:3)
  2 worms (D:2)
  An orc (D:3)
  2 endoplasms
  A giant cockroach (D:3)
  4 goblins
  3 hobgoblins
  8 jackals
  2 quokkas
  3 ball pythons
  5 bats
  A frilled lizard (D:2)
  7 kobolds
  3 rats
47 creatures vanquished.

Notes
Turn   | Place    | Note
-------+----------+-------------------------------------------
     0 | D:1      | SkeletonJelly the Minotaur Fighter began the quest for the
                  | Orb.
     0 | D:1      | Reached XP level 1. HP: 19/19 MP: 0/0
    50 | D:1      | Reached skill level 3 in Axes
   193 | D:1      | Reached XP level 2. HP: 26/26 MP: 1/1
   833 | D:2      | Reached skill level 4 in Axes
  1079 | D:2      | Noticed Natasha
  1088 | D:2      | Killed Natasha
  1089 | D:2      | Reached XP level 3. HP: 12/31 MP: 2/2
  1246 | D:2      | Noticed Natasha
  1250 | D:2      | Killed Natasha
  1251 | D:2      | Reached XP level 4. HP: 27/39 MP: 3/3
  1357 | D:2      | Noticed Natasha
  1362 | D:2      | Killed Natasha
  1363 | D:2      | Reached skill level 5 in Axes
  1969 | D:3      | Found Videyj's General Store.
  2109 | D:3      | Found an opulent altar of Gozag.
  2109 | D:3      | Found Gozag's Platinum Reserve.
  2375 | D:3      | Found a faded altar of an unknown god.
  2431 | D:4      | Noticed an ogre
  2435 | D:4      | Killed an ogre
  2436 | D:4      | Reached skill level 6 in Axes
  2436 | D:4      | Reached XP level 5. HP: 45/45 MP: 4/4
  2451 | D:3      | HP: 1/45 [poisoned by an orc wizard]
  2452 | D:3      | Succumbed to an orc wizard's poison

Illustrated notes

Levels and vault maps discovered:
D:1:      psy_arrival_spokes, layout_loops_corners
D:2:      layout_basic, grunt_ministairs_2, uniq_natasha
D:3:      layout_rooms, nicolae_gozag_zags_fifth_avenue, serial_shops,
          nicolae_shop_window_shopping, hellmonk_ecumenical_altar_heavens_door
D:4:      layout_basic, minmay_temple_entry_offerings, serial_park_tiny_1,
          uniq_eustachio, uniq_ijyb

Skill      XL: |  1  2  3  4 |
---------------+-------------+-----
Axes           | 3 4 6 |  6.3
Shields        | 4 |  4.9
Fighting       | |  3.6
Armour         | |  3.6

Action                   |  1- 3 |  4- 6 || total
-------------------------+-------+-------++-------
Melee: War axe           |    50 |    69 ||   119
       Headbutt          |     6 |     5 ||    11
Armor: Scale mail        |    24 |    34 ||    58
Dodge: Dodged            |    26 |    11 ||    37
Block: Buckler           |    10 |       ||    10
       Tower shield      |    14 |    39 ||    53

Table legend: (Time is in decaauts)
 A = Elapsed time spent in this place.
 B = Non-inter-level travel time spent in this place.
 C = Inter-level travel time spent in this place.
 D = Time resting spent in this place.
 E = Time spent auto-exploring this place.
 F = Levels seen in this place.
 G = Mean time per level.
                   A        B        C        D        E       F      G
               +--------+--------+--------+--------+--------+-----+--------+
         Total |   2516 |   2451 |     65 |      0 |   2063 |   4 |  629.0 |
       Dungeon |   2516 |   2451 |     65 |      0 |   2063 |   4 |  629.0 |
               +--------+--------+--------+--------+--------+-----+--------+

Top non-repeatable levels by time:
     D:2: 1168 daAuts
     D:1: 807 daAuts
     D:3: 521 daAuts
     D:4: 18 daAuts
